 Dungeon Crawl Stone Soup version 0.30.1-3-gfc49f6343a (webtiles) character file.

Game seed: 16201371749462808415

116881 cdecastro the Champion of Chaos (level 16, -5/144 HPs)
             Began as an Armataur Warper on Aug 2, 2023.
             Was the Champion of Makhleb.
             Slain by an alligator (10 damage)
             ... on level 3 of the Swamp.
             The game lasted 01:36:40 (31148 turns).

cdecastro the Champion of Chaos (Armataur Warper)  Turns: 31148, Time: 01:36:40

Health: -5/144     AC: 26    Str: 25    XL:     16   Next: 21%
Magic:  29/29      EV:  6    Int: 17    God:    Makhleb [******]
Gold:   1068       SH:  0    Dex: 10    Spells: 18/18 levels left

rFire   . . .        b - +2 great mace
rCold   + + .        (shield currently unavailable)
rNeg    . . .        U - +0 ice dragon scales
rPois   .            i - +0 helmet
rElec   +            E - +1 cloak
rCorr   .            (no gloves)
SInv    .            n - +4 barding {Fly}
Will    +....        Y - amulet of regeneration Stlth
                     f - +4 ring of protection
HPRegen 1.24/turn    j - ring of Otresit Quxt {rElec rF+ Str+2 Int+2 Slay+3}
MPRegen 0.21/turn

%: roll
@: corroded, flying
A: large, rugged brown scales 3, deformed body, armoured tail, roll, long
tongue, awkward tongue
a: Renounce Religion, Minor Destruction, Lesser Servant of Makhleb, Major
Destruction, Greater Servant of Makhleb


You were on level 3 of the Swamp.
You worshipped Makhleb.
Makhleb was exalted by your worship.
You visited 5 branches of the dungeon, and saw 26 of its levels.
You also visited: Sewer, Bailey and Ice Cave.

You collected 2683 gold pieces.
You spent 1615 gold pieces at shops.

Inventory:

Hand Weapons
 a - the +7 hand axe of cdecastro's Peril {drain, Fly rCorr MP+9 Stlth+}
   (You found it on level 7 of the Dungeon)

   MP:        It affects your magic capacity (+9).
   Fly:       It grants you flight.
   rCorr:     It protects you from acid and corrosion.
   Stlth:     It makes you more stealthy.
 b - a +2 great mace (weapon)
 m - the +10 broad axe of Uncertain Death {heavy, Will++ Str+4 Stlth-}
   (You found it on level 5 of the Lair of Beasts)

   Str:       It affects your strength (+4).
   Will:      It greatly increases your willpower.
   Stlth:     It makes you less stealthy.
 I - a +0 flail of protection
Missiles
 d - 10 boomerangs of dispersal
 p - 7 boomerangs
 q - 6 curare-tipped darts
 J - 2 throwing nets
Armour
 i - a +0 helmet (worn)
 n - a +4 barding of flying (worn)
 E - a +1 cloak (worn)
 U - +0 ice dragon scales (worn)
 Z - a +2 kite shield of fire resistance
Jewellery
 f - a +4 ring of protection (left hand)
 j - the ring of Otresit Quxt (right hand) {rElec rF+ Str+2 Int+2 Slay+3}
   (You found it on level 2 of the Dungeon)

   [ring of protection from fire]

   Str:       It affects your strength (+2).
   Int:       It affects your intelligence (+2).
   Slay:      It affects your accuracy & damage with ranged weapons and melee
   (+3).
   rF:        It protects you from fire.
   rElec:     It insulates you from electricity.
 z - a ring of protection from cold
 A - a ring of see invisible
 S - a ring of willpower
 T - a ring of protection from fire
 V - the ring "Hiummim" {Ice Fly rCorr}
   (You found it in an ice cave)

   [ring of ice]

   It enhances your ice magic.
   rF:        It makes you vulnerable to fire.
   rC:        It protects you from cold.
   Fly:       It grants you flight.
   rCorr:     It protects you from acid and corrosion.
 W - the ring of Neurosis {Contam rPois rC+ rN+ Int+6}
   (You found it in an ice cave)

   [ring of intelligence]

   Int:       It affects your intelligence (+6).
   rC:        It protects you from cold.
   rPois:     It protects you from poison.
   rN:        It protects you from negative energy.
   Contam:    It causes magical contamination when unequipped.
 Y - an amulet of regeneration (around neck)
Wands
 o - a wand of iceblast (8)
 r - a wand of acid (10)
 C - a wand of charming (30)
 F - a wand of digging (2)
 O - a wand of polymorph (13)
 Q - a wand of flame (10)
Scrolls
 c - a scroll of blinking
 e - a scroll of immolation
 k - 3 scrolls of butterflies
 l - 4 scrolls of teleportation
 v - 4 scrolls of identify
 x - 3 scrolls of fog
 y - 7 scrolls of fear
 D - 2 scrolls of silence
 G - 4 scrolls of poison
 K - a scroll of magic mapping
 L - 5 scrolls of vulnerability
Potions
 g - a potion of lignification
 h - 2 potions of magic
 s - 3 potions of haste
 t - 5 potions of heal wounds
 u - 4 potions of resistance
 w - 4 potions of attraction
 B - 3 potions of flight
 H - 3 potions of brilliance
 M - 5 potions of invisibility
 N - 2 potions of cancellation
 P - 8 potions of curing
 R - 3 potions of might


   Skills:
 + Level 10.5 Fighting
 - Level 1.2(9.3) Axes
 - Level 15.4 Maces & Flails
 - Level 0.8 Throwing
 - Level 12.0 Armour
 - Level 1.3 Dodging
 - Level 1.7 Spellcasting
 - Level 3.0 Translocations
 - Level 19.4 Invocations


You had 18 spell levels left.
You didn't know any spells.
Your spell library contained the following spells:

 Spells                   Type           Power      Damage    Failure   Level
 Blink                    Tloc           22%        N/A       19%         2
 Lesser Beckoning         Tloc           22%        N/A       19%         2
 Momentum Strike          Conj/Tloc      12%        3d8       34%         2
 Teleport Other           Tloc           11%        N/A       36%         3
 Beastly Appendage        Tmut           2%         N/A       41%         1
 Foxfire                  Conj/Fire      4%         2x1d4     41%         1
 Kiss of Death            Conj/Necr      4%         2d5       41%         1
 Magic Dart               Conj           4%         1d3       41%         1
 Necrotise                Necr           4%         1d4       41%         1
 Slow                     Hex            4%         N/A       41%         1
 Sting                    Tmut/Pois      4%         1d3       41%         1
 Call Imp                 Summ           2%         N/A       54%         2
 Ensorcelled Hibernation  Hex/Ice        2%         N/A       54%         2
 Poisonous Vapours        Pois/Air       2%         N/A       54%         2
 Scorch                   Fire           2%         2d5       54%         2
 Wereblood                Tmut           1%         N/A       54%         2
 Portal Projectile        Hex/Tloc       12%        N/A       56%         3
 Vhi's Electric Charge    Tloc/Air       12%        N/A       56%         3
 Manifold Assault         Tloc           11%        N/A       77%         4
 Call Canine Familiar     Summ           1%         N/A       78%         3
 Confusing Touch          Hex            1%         N/A       78%         3
 Mephitic Cloud           Conj/Pois/Air  1%         N/A       78%         3
 Spider Form              Tmut/Pois      1%         N/A       78%         3
 Stone Arrow              Conj/Erth      2%         3d7       78%         3
 Vampiric Draining        Necr           1%         2d6       78%         3
 Anguish                  Hex/Necr       0%         N/A       99%         4
 Animate Armour           Summ/Erth      2%         N/A       99%         4
 Cause Fear               Hex            0%         N/A       99%         4
 Dispel Undead            Necr           1%         3d6       99%         4
 Flame Wave               Conj/Fire      1%         2d4       99%         4
 Leda's Liquefaction      Hex/Erth       0%         N/A       99%         4
 Olgreb's Toxic Radiance  Pois           1%         N/A       99%         4
 Agony                    Necr           1%         N/A       100%        5
 Fireball                 Conj/Fire      0%         3d3       100%        5
 Plasma Beam              Fire/Air       0%         2x1d11    100%        6
 Starburst                Conj/Fire      0%         6d3       100%        6
 Summon Cactus Giant      Summ           0%         N/A       100%        6
 Dragon Form              Tmut           0%         N/A       100%        7
 Lehudib's Crystal Spear  Conj/Erth      0%         10d2      100%        8
 Dragon's Call            Summ           0%         N/A       100%        9


Dungeon Overview and Level Annotations

Branches:
Dungeon (15/15)            Temple (1/1) D:7            Lair (5/5) D:9
  Swamp (3/4) Lair:3       Spider (0/4) Lair:2        Slime (0/5) Lair:4
    Orc (2/2) D:9             Elf (0/3) Orc:2        Vaults (0/5) D:14
 Depths (0/4) D:15          Sewer (visited)          Bailey (visited)
  IceCv (visited)

Altars:
Ashenzari
Cheibriados
Dithmenos
Elyvilon
Fedhas
Gozag
Hepliaklqana
Kikubaaqudgha
Makhleb
Nemelex Xobeh
Okawaru
Qazlal
Ru
Sif Muna
Trog
Uskayaw
Vehumet
Wu Jian
Xom
Yredelemnul
Zin
The Shining One
Jiyva

Shops:
D:2 :   D:4 (   D:5 (   D:13 ==*   Orc:2 *(=*

Portals:
Trove: D:13 (give +4 fire dragon scales)

Annotations:
D:14 2 transporters, Kilet's ghost, adept GrEE
Orc:1 2 transporters, Hiblur's ghost, journeyman MiFi


Innate Abilities, Weirdness & Mutations

You are completely covered in rugged brown scales. (AC +3, +7% HP)
Armour fits poorly on your strangely shaped body.
You have a long armoured tail.
You roll when moving toward enemies. (Rampage)
Your long tongue fully drains potion bottles. (2x potion effects)
Your tongue gives you trouble enunciating. (1.5x scroll delay)


Message History

Your green death hits the alligator!!
Unknown command.
Unknown command.
Unknown command.
Unknown command.
The alligator attacks as you move away! The alligator bites you.
* * * LOW HITPOINT WARNING * * *
The alligator tail-slaps you but does no damage.
Unknown command.
Unknown command.
Unknown command.
Blink to where?
Press: ? - help, Dir - move target A spriggan druid comes into view.
It is wielding a +0 quarterstaff.
As you slowly read the scroll of blinking, it crumbles to dust.
The spriggan druid calls out to the beasts of the wild!
The alligator puts on a burst of speed! x2
Unknown command.
You roll towards the spriggan druid!
A spriggan rider comes into view. It is wielding a +2 heavy spear.
A tyrant leech comes into view.
Found 20 gold pieces.
The eleionoma hurls a spray of splinters at you.
The spray of wooden splinters hits you but does no damage.
You roll towards the spriggan rider!
You miss the spriggan rider.
Your tail-slap misses the spriggan rider.
Your green death hits the alligator!
The spriggan rider hits you but does no damage.
The alligator bites your green death but does no damage.
The alligator tail-slaps your green death!
Unknown command.
The bunyip claws you!!
* * * LOW HITPOINT WARNING * * *
The bunyip claws you!!
* * * LOW HITPOINT WARNING * * *
The bunyip claws you but does no damage.
Your green death hits the alligator!!
The spriggan druid barely misses you.
The spriggan rider hits you but does no damage.
The alligator bites you!
You die...

♣♣ ~.~§ ♣~♣
♣♣.~...~~~~~.~~
♣~.♣♣♣......~~~~~~~~
♣......~♣....~~~~~~§
♣~~~..♣~....~~§~~..
♣♣.~§.~~.~~~.~i~~~~~
♣♣.~~~~....R~~.~~~~~~
♣..~t..♣..§x....~~§~~
♣..~t~♣†t..i@i~t~§~~~
...~♣....2♣♣♣.t♣♣.~~~~.~
.§. ♣♣.~~~.~♣~....~~~~?~
♣ ♣~.~~~.♣F.~~~~w~.<.
♣....§~..~~~~......
♣~....~~~~~~~...~~$
♣♣♣♣♣.~~~~...♣~.~~.
..~~~~~.♣♣♣♣♣~. ../~~~~


You could see a bunyip, an eleionoma, 3 alligators, a tyrant leech, 2 spriggan
riders, a spriggan druid, a goliath frog and a friendly green death (summoned).

Vanquished Creatures
  Kirke (Lair:3)
  An azure jelly (IceCv)
  A stone giant (D:15)
  4 eleionomae
  A shambling mangrove (Swamp:2)
  Josephine (Lair:5)
  3 hydras
  An ice dragon (D:14)
  An ogre mage (D:13)
  3 vault guards
  3 catoblepae (Lair:5)
  An alligator (Swamp:1)
  14 death yaks
  4 centaur warriors
  4 boulder beetles
  A ghost crab (Swamp:1)
  5 two-headed ogres
  3 tengu warriors
  An orc high priest (Orc:2)
  Nergalle (D:12)
  A shock serpent (shapeshifter) (D:13)
  6 skeletal warriors
  A glowing orange brain (D:14)
  2 goliath frogs (Swamp:2)
  2 skysharks
  3 spriggan druids
  3 bog bodies
  A swamp dragon (D:9)
  Pikel (D:5)
  An orc knight (D:14)
  A deep elf pyromancer (D:14)
  4 oklob plants
  8 ugly things
  6 orc sorcerers
  4 manticores
  3 will-o-the-wisps
  22 elephants
  A cyclops (D:14)
  2 ice statues (IceCv)
  A gargoyle (D:13)
  2 black mambas
  7 cane toads
  2 kobold demonologists
  A torpor snail (Lair:2)
  15 komodo dragons
  4 rime drakes
  2 guardian mummies (D:13)
  An unseen horror (D:12)
  2 freezing wraiths (D:14)
  A tengu conjurer (D:13)
  A komodo dragon (shapeshifter) (D:14)
  A queen bee (shapeshifter) (D:15)
  3 trolls
  4 hornets
  4 tyrant leeches
  10 blink frogs
  Prince Ribbit (Bailey)
  A centaur simulacrum (D:15)
  A jumping spider (Lair:2)
  2 shadows
  29 slime creatures
  3 spriggans (Swamp:2)
  Sigmund (D:3)
  2 vampires
  5 wraiths
  4 humans (Bailey)
  3 basilisks
  5 hogs
  66 yaks
  A human (shapeshifter) (D:15)
  3 steam dragons
  A redback (Lair:2)
  10 vampire mosquitoes
  Menkaure (D:7)
  8 swamp worms
  2 wargs
  2 acid dragons
  14 water moccasins
  A swamp drake (Lair:3)
  2 black bears
  24 orc warriors
  2 sky beasts (D:7)
  An ice beast (D:6)
  A black bear (shapeshifter) (D:13)
  5 ogres
  17 wolves
  A great orb of eyes simulacrum (IceCv)
  7 centaurs
  3 slime creature simulacra (IceCv)
  3 phantoms
  14 bullfrogs
  5 kobold brigands
  5 glowing shapeshifter simulacra (IceCv)
  3 gnoll sergeants
  2 scorpions
  9 wights
  4 howler monkeys
  A jelly (D:5)
  33 orc priests
  4 gnoll boudas
  5 hounds
  A sleepcap (D:7)
  5 iguanas
  32 orc wizards
  A shapeshifter simulacrum (IceCv)
  27 gnolls
  2 river rats (D:4)
  12 adders
  A shadow imp (D:6)
  3 ufetubi
  A worm (D:3)
  3 dart slugs
  72 orcs
  4 bats
  7 endoplasms
  A giant cockroach (D:1)
  11 goblins
  14 hobgoblins
  2 jackals (D:1)
  5 quokkas
  15 ball pythons
  6 frilled lizards
  28 kobolds
  5 rats
762 creatures vanquished.

Vanquished Creatures (collateral kills)
  Frances (Swamp:1)
  A thorn hunter (Lair:3)
  A tengu warrior (D:15)
  An oklob plant (Lair:4)
  A cyclops (D:15)
  3 elephants (Lair:3)
  A komodo dragon (Lair:3)
  A tengu conjurer (D:15)
  A slime creature (IceCv)
  4 yaks (Lair:3)
  A wyvern (Lair:3)
16 creatures vanquished.

Vanquished Creatures (others)
  2 goliath frogs (Swamp:1)
  A troll (D:14)
  A hornet (Swamp:1)
  A tyrant leech (Swamp:1)
  2 spriggans (Swamp:1)
  A hound (D:7)
  An orc wizard (Orc:2)
  28 foxfires (Swamp:1)
37 creatures vanquished.

Grand Total: 815 creatures vanquished

Notes
Turn   | Place    | Note
-------+----------+-------------------------------------------
     0 | D:1      | cdecastro the Armataur Warper began the quest for the Orb.
     0 | D:1      | Reached XP level 1. HP: 18/18 MP: 3/3
   312 | D:1      | You fall into a shaft and drop 1 floor!
   325 | D:2      | Reached XP level 2. HP: 24/25 MP: 4/4
   814 | D:2      | Reached XP level 3. HP: 28/31 MP: 5/5
   905 | D:2      | Found Ofakh's Vocational Training.
   947 | D:2      | Identified the ring of Otresit Quxt {rElec rF+ Str+2 Int+2
                  | Slay+3}
  1120 | D:2      | Identified the +1 bardiche of Xotrulis {pain, rN+ Dex+2}
  2006 | D:3      | Reached XP level 4. HP: 33/38 MP: 6/6
  2188 | D:3      | Noticed Sigmund
  2472 | D:3      | Found a hazy altar of Hepliaklqana.
  2472 | D:3      | Found a faded altar of an unknown god.
  2478 | D:3      | Found a faded altar of an unknown god.
  2482 | D:3      | Found a blossoming altar of Fedhas.
  2484 | D:3      | Found a burning altar of Makhleb.
  2509 | D:3      | Became a worshipper of Makhleb the Destroyer
  2696 | D:4      | Found a sacrificial altar of Ru.
  2771 | D:4      | Reached XP level 5. HP: 41/43 MP: 7/7
  2780 | D:4      | Found a glowing drain.
  2790 | Sewer    | Entered a sewer
  2828 | Sewer    | Reached skill level 5 in Maces & Flails
  3288 | D:4      | Found a sparkling altar of Nemelex Xobeh.
  3522 | D:4      | Reached * piety under Makhleb
  3875 | D:4      | Found Miysi's Weapon Shoppe.
  4012 | D:5      | Entered Level 5 of the Dungeon
  4012 | D:5      | Noticed a phantom
  4031 | D:5      | Killed a phantom
  4032 | D:5      | Reached XP level 6. HP: 38/51 MP: 8/8
  4127 | D:5      | Noticed Pikel
  4145 | D:5      | Killed Pikel
  4146 | D:5      | Reached skill level 5 in Armour
  4146 | D:5      | Reached XP level 7. HP: 41/56 MP: 9/9
  4285 | D:5      | Found Vofrus's Antique Weapon Emporium.
  4962 | D:5      | Reached XP level 8. HP: 44/64 MP: 10/10
  5293 | D:5      | Reached skill level 1 in Invocations
  5344 | D:6      | Reached skill level 2 in Invocations
  5547 | D:6      | Reached skill level 3 in Invocations
  5609 | D:6      | Reached skill level 4 in Invocations
  5723 | D:6      | Reached ** piety under Makhleb
  6027 | D:6      | Reached skill level 5 in Invocations
  6369 | D:7      | Reached skill level 6 in Invocations
  6495 | D:7      | Found a flagged portal.
  6502 | D:7      | Identified the +7 hand axe of cdecastro's Peril {drain, Fly
                  | rCorr MP+9 Stlth+}
  6509 | Bailey   | Entered a bailey
  6575 | Bailey   | Reached XP level 9. HP: 65/71 MP: 13/13
  6851 | Bailey   | Noticed Prince Ribbit
  6851 | Bailey   | Noticed a vault guard
  6867 | Bailey   | Killed a vault guard
  6868 | Bailey   | Reached skill level 10 in Maces & Flails
  6873 | Bailey   | Killed Prince Ribbit
  6927 | Bailey   | Noticed a vault guard
  6947 | Bailey   | Killed a vault guard
  6948 | Bailey   | Reached XP level 10. HP: 36/78 MP: 14/14
  7116 | D:7      | Found a staircase to the Ecumenical Temple.
  7233 | D:7      | Noticed Menkaure
  7449 | D:7      | Killed Menkaure
  8012 | D:8      | Paralysed by a hornet for 3 turns
  8017 | D:8      | Reached *** piety under Makhleb
  8023 | D:8      | Paralysed by a hornet for 3 turns
  8028 | D:8      | Paralysed by a hornet for 2 turns
  8029 | D:8      | HP: 2/78 [hornet (3)]
  8370 | D:8      | Found an ornate altar of the Wu Jian Council.
  9286 | D:8      | Reached skill level 5 in Fighting
  9558 | D:9      | HP: 4/85 [vampire (3)]
  9873 | D:3      | Killed Sigmund
 10020 | Temple   | Entered the Ecumenical Temple
 10207 | D:9      | Noticed a two-headed ogre
 10212 | D:9      | a two-headed ogre changed into a swamp dragon
 10212 | D:9      | Noticed a swamp dragon
 10228 | D:9      | Killed a swamp dragon
 10268 | D:9      | Reached XP level 11. HP: 28/95 MP: 15/15
 10332 | D:9      | Noticed a sixfirhy
 11045 | D:9      | Found a shimmering altar of Xom.
 11072 | D:9      | Found a shimmering blue altar of Sif Muna.
 11077 | D:9      | Reached **** piety under Makhleb
 11180 | D:9      | Found a staircase to the Orcish Mines.
 11544 | D:9      | Found a staircase to the Lair.
 11993 | D:10     | Entered Level 10 of the Dungeon
 12321 | D:10     | Reached skill level 7 in Invocations
 12547 | D:10     | Found a broken altar of Ashenzari.
 12559 | D:10     | Noticed a two-headed ogre
 12576 | D:10     | Killed a two-headed ogre
 12577 | D:10     | Reached skill level 8 in Invocations
 13122 | D:10     | Found an iron altar of Okawaru.
 13488 | D:11     | Reached ***** piety under Makhleb
 13737 | D:11     | Reached skill level 9 in Invocations
 14367 | Lair:1   | Entered Level 1 of the Lair of Beasts
 14425 | Lair:1   | Reached skill level 10 in Invocations
 14496 | Lair:1   | Found a frozen archway.
 14602 | IceCv    | Entered an ice cave
 14950 | IceCv    | Reached XP level 12. HP: 72/107 MP: 19/19
 15771 | IceCv    | Found a viscous altar of Jiyva.
 15771 | IceCv    | Noticed an azure jelly
 15791 | IceCv    | Killed an azure jelly
 15792 | IceCv    | Reached skill level 11 in Invocations
 15893 | IceCv    | Got the ring "Hiummim" {Ice Fly rCorr}
 15894 | IceCv    | Identified the ring of Neurosis {Contam rPois rC+ rN+
                  | Int+6}
 16519 | Lair:1   | Reached skill level 12 in Invocations
 17587 | Lair:2   | Reached skill level 13 in Invocations
 17953 | Lair:2   | Found a hole to the Spider Nest.
 18169 | Lair:3   | Noticed Kirke
 18211 | Lair:2   | Reached XP level 13. HP: 99/112 MP: 23/23
 18442 | Lair:3   | Reached ****** piety under Makhleb
 18523 | Lair:3   | Reached skill level 14 in Invocations
 18842 | Lair:3   | Found a blossoming altar of Fedhas.
 19012 | Lair:3   | Killed Kirke
 19111 | Lair:3   | Reached skill level 15 in Invocations
 19322 | Lair:3   | Found a staircase to the Swamp.
 20230 | Lair:4   | Found a viscous altar of Jiyva.
 20232 | Lair:4   | Found a staircase to the Slime Pits.
 20412 | Lair:4   | Reached skill level 16 in Invocations
 20477 | Lair:4   | Found a transporter.
 20482 | Lair:4   | Found a transporter.
 20743 | Lair:5   | Entered Level 5 of the Lair of Beasts
 20833 | Lair:5   | Noticed Nessos
 20872 | Lair:5   | Nessos changed into Nessos the rime drake
 20872 | Lair:5   | Noticed Nessos
 20878 | Lair:5   | Killed Nessos the rime drake
 21030 | Lair:5   | Reached XP level 14. HP: 120/120 MP: 26/26
 21145 | Lair:4   | Reached skill level 17 in Invocations
 21406 | Lair:5   | Noticed Josephine
 21443 | Lair:5   | Reached skill level 18 in Invocations
 21513 | Lair:5   | Killed Josephine
 22242 | Lair:5   | Reached skill level 19 in Invocations
 22566 | Lair:5   | Identified the +10 broad axe of Uncertain Death {heavy,
                  | Will++ Str+4 Stlth-}
 22983 | D:12     | Identified the +4 trident "Vapeh" {distort, Fly Str+3}
 23297 | D:12     | Noticed Nergalle
 23610 | D:12     | Reached skill level 1 in Axes
 23610 | D:12     | Reached XP level 15. HP: 115/121 MP: 28/28
 23737 | D:13     | Found Qovunas's General Store.
 23890 | D:12     | Killed Nergalle
 24005 | D:13     | Bought a potion of heal wounds for 85 gold pieces
 24005 | D:13     | Bought a potion of heal wounds for 85 gold pieces
 24005 | D:13     | Bought a scroll of identify for 34 gold pieces
 24005 | D:13     | Bought a scroll of identify for 34 gold pieces
 24063 | D:13     | Found Zogoqeip's Jewellery Boutique.
 24336 | D:13     | Found Bileffuj's Jewellery Boutique.
 24363 | D:13     | Reached skill level 15 in Maces & Flails
 24602 | D:13     | Found a portal to a secret trove of treasure.
 25026 | D:14     | Noticed Kilet's ghost (adept GrEE)
 25026 | D:14     | Found a transporter.
 25027 | D:14     | Found a transporter.
 25027 | D:14     | Noticed a frost giant
 25027 | D:14     | Identified the +10 giant spiked club "Ibexeh" {freeze,
                  | rElec MP-9 Stlth+}
 25027 | D:14     | Noticed a frost giant
 25390 | D:14     | Found a bloodstained altar of Trog.
 25717 | D:14     | Found a gate to the Vaults.
 25729 | D:14     | Reached skill level 10 in Armour
 26328 | D:15     | Entered Level 15 of the Dungeon
 26862 | D:15     | Found a staircase to the Depths.
 27219 | D:15     | Found a shadowy altar of Dithmenos.
 27461 | Orc:1    | Entered Level 1 of the Orcish Mines
 27500 | Orc:1    | Noticed Hiblur's ghost (journeyman MiFi)
 27542 | Orc:1    | Found a transporter.
 27608 | Orc:1    | Found a transporter.
 27938 | Orc:2    | Entered Level 2 of the Orcish Mines
 28000 | Orc:2    | Found a staircase to the Elven Halls.
 28430 | Orc:2    | Paralysed by an orc sorcerer for 4 turns
 28814 | Orc:2    | Found Maviosus's Antique Weapon Shop.
 28814 | Orc:2    | Found Teiph's General Store.
 28814 | Orc:2    | Found Oboblyid's Jewellery Boutique.
 28817 | Orc:2    | Found Tucsyno's Assorted Antiques.
 28960 | Orc:2    | Bought a polished mace for 232 gold pieces
 28960 | Orc:2    | Identified the +4 mace of Suicidal Tendencies {flame, *Rage
                  | rC++ Will+ Str-5} (You bought it in a shop on level 2 of
                  | the Orcish Mines)
 28964 | Orc:2    | Bought a scroll of identify for 36 gold pieces
 28965 | Orc:2    | Bought a scroll of immolation for 72 gold pieces
 28967 | Orc:2    | Bought a potion of heal wounds for 155 gold pieces
 28967 | Orc:2    | Bought a scroll of fear for 124 gold pieces
 28967 | Orc:2    | Bought a scroll of blinking for 232 gold pieces
 28967 | Orc:2    | Bought a potion of resistance for 310 gold pieces
 28969 | Orc:2    | Bought 3 scrolls of identify for 108 gold pieces
 28969 | Orc:2    | Bought a potion of curing for 54 gold pieces
 28969 | Orc:2    | Bought a potion of curing for 54 gold pieces
 29147 | Swamp:1  | Entered Level 1 of the Swamp
 29171 | Swamp:1  | Noticed a thorn hunter
 29295 | Lair:3   | Killed a thorn hunter
 29413 | Swamp:1  | Identified the +2 robe of Gravitas {Harm Rampage rPois
                  | Str-2}
 29655 | Swamp:1  | Reached XP level 16. HP: 141/141 MP: 29/29
 29940 | Swamp:1  | Noticed Frances
 29948 | Swamp:1  | Killed Frances
 29952 | Swamp:1  | You are sucked into a shaft and drop 1 floor!
 30494 | Swamp:2  | Noticed an Executioner
 30627 | Swamp:2  | Reached skill level 10 in Fighting
 31148 | Swamp:3  | HP: 5/144 [bunyip (21)]
 31148 | Swamp:3  | Slain by an alligator

Illustrated notes

Levels and vault maps discovered:
D:1:      tekkud_arrival_beachfront_property, layout_basic
D:2:      layout_basic, serial_bayou, serial_bayou_shore_a,
          serial_bayou_lagoon_a, serial_bayou_ford_a, serial_bayou_pond_a,
          nicolae_shop_vocational
D:3:      minmay_angry_zag, layout_basic, chequers_temple_overflow_minitemple,
          kennysheep_path_1, corexii_item_surrounded_by_moat, uniq_sigmund
D:4:      layout_loops_ring, mainiacjoe_overflow_alcove_2,
          nemelex_spade_bored_becter, serial_shops,
          nicolae_shop_back_alley_shop, gup_sewer_entry_bubbles,
          amcnicky_mini_rare_corridor_liquid, minivault_14
D:5:      layout_loops_ring, nicolae_inconvenience_store, uniq_pikel
D:6:      layout_basic, kennysheep_opposing_triangles
D:7:      layout_basic, minmay_temple_entry_glass, enter_bailey_2,
          chequers_serial_rivers_small_3, chequers_serial_rivers_small_b,
          grunt_ministairs_4, uniq_menkaure
D:8:      layout_loops_cross, nicolae_overflow_crystal_walls,
          serial_bayou_crossing
D:9:      layout_cave_pods, mainiacjoe_overflow_divided_tiny,
          david_lair_shrubbed, erik_orc_4
D:10:     layout_roguey, evilmike_ruin_ashenzari, lemuel_round_altar
D:11:     layout_loops_ring
D:12:     layout_long_grid, uniq_nergalle
D:13:     minmay_bloctagon_deflated, layout_cave_pools,
          nicolae_trove_entry_path_of_doom, serial_shops,
          nicolae_shop_pleasant_corner_grove, nicolae_square_shop,
          nicolae_shop_tiny_glass
D:14:     layout_cave_pods, david_vaults_5, bloody_trog, gammafunk_ghost_smash,
          dk_noncrumbling_2
D:15:     grunt_enter_depths_giant_problem, layout_loops_ring,
          grunt_dithmenos_shadows
Temple:   nicolae_temple_godzebo
Lair:1:   layout_cellular_growth, portal_ice_cave_rime
Lair:2:   layout_regular_city, spider_nest_entry_funnel_web
Lair:3:   layout_layer_cave, minmay_swamp_entry_worms, tgw_fedhas, uniq_kirke
Lair:4:   gammafunk_boulding_lane, layout_long_grid,
          minmay_slime_entry_oklob_enclosed, cheibrodos_lair_reptile_den
Lair:5:   evilmike_catoblepas_cave, layout_regular_city, uniq_josephine,
          uniq_nessos
Swamp:1:  layout_basic_swamp, evilmike_swamp_ruin_house_6, swamp_pool4,
          infiniplex_staircase_pool_2, uniq_frances
Swamp:2:  layout_basic_swamp, evilmike_swamp_ruin_house_2
Swamp:3:  layout_basic_swamp, nicolae_swamp_feature_on_the_river_bank
Orc:1:    layout_diamond_mine, gammafunk_ghost_berserking_beasts
Orc:2:    st_orc_mages, layout_caves

Skill      XL: |  1  2  3  4  5  6  7  8  9 10 11 12 13 14 15 16 |
---------------+-------------------------------------------------+-----
Maces & Flails | 2 3 4 6 7 10 12 13 14 15 | 15.4
Armour         | 5 6 7 12 | 12.0
Invocations    | 6 10 13 16 19 | 19.4
Fighting       | 6 7 9 10 | 10.5
Axes           | 1 |  1.2
Throwing       | |  0.8
Dodging        | |  1.3
Spellcasting   | |  1.7
Translocations | |  3.0

Action                     |  1- 3 |  4- 6 |  7- 9 | 10-12 | 13-15 | 16-18 || total
---------------------------+-------+-------+-------+-------+-------+-------++-------
  Melee: Mace              |   111 |   155 |   102 |       |       |       ||   368
         Tailslap          |     7 |    16 |    33 |   126 |   344 |    26 ||   552
         Punch             |       |     2 |       |    11 |    31 |       ||    44
         Flail             |       |       |    64 |       |    37 |       ||   101
         Hand axe          |       |       |    73 |   749 |  1545 |    23 ||  2390
         Great mace        |       |       |       |       |     3 |   130 ||   133
  Throw: Dart              |       |       |     8 |     4 |       |       ||    12
         Boomerang         |       |       |       |     8 |       |       ||     8
 Invoke: Minor Destruction |       |       |       |    48 |   236 |    11 ||   295
         Lesser Servant of |       |       |       |     1 |       |       ||     1
         Greater Servant o |       |       |       |       |     3 |     3 ||     6
         Major Destruction |       |       |       |       |     1 |       ||     1
  Evoke: Wand              |       |       |       |     1 |    11 |       ||    12
    Use: Scroll            |       |     1 |     5 |    12 |    17 |     3 ||    38
         Potion            |       |       |       |     8 |       |       ||     8
   Stab: Confused          |       |       |       |       |     1 |       ||     1
         Petrified         |       |       |       |       |     2 |       ||     2
         Distracted        |       |       |       |       |     1 |     2 ||     3
 Armour: Leather armour    |    49 |    80 |    23 |       |       |       ||   152
         Ring mail         |       |       |    79 |       |       |       ||    79
         Scale mail        |       |       |    13 |       |       |       ||    13
         Plate armour      |       |       |     6 |   319 |       |       ||   325
         Skin              |       |       |       |     9 |       |       ||     9
         Ice dragon scales |       |       |       |   162 |  1294 |   136 ||  1592
  Dodge: Dodged            |    52 |    81 |    86 |   182 |   401 |    37 ||   839
